 Dungeon Crawl Stone Soup version 0.14-a0-1844-g8283a67 (webtiles) character file.

297 4tharraofdagon the Cudgeler (level 5, -1/57 HPs)
             Began as an Ogre Chaos Knight on Jan 11, 2014.
             Was a Plaything of Xom.
             Slain by a hound (5 damage)
             ... on Level 4 of the Dungeon.
             The game lasted 00:03:46 (1414 turns).

4tharraofdagon the Cudgeler (Ogre Chaos Knight)     Turns: 1414, Time: 00:03:46

HP  -1/57        AC  5     Str 24      XL: 5   Next: 59%
MP   5/5         EV 13     Int 11      God: Xom
Gold 118         SH  0     Dex  9      Spells:  0 memorised,  4 levels left

rFire  . . .     SeeInvis .     a - +0,-1 mace (chaos)
rCold  . . .     Clarity  .     b - +2 robe
rNeg   . . .     Conserve .     (shield restricted)
rPois  .         rCorr    .     (helmet restricted)
rElec  .         rRot     .     (no cloak)
SustAb . .       Spirit   .     (gloves unavailable)
rMut   .         Warding  .     (boots unavailable)
Saprov + . .     Stasis   .     (no amulet)
                                u - +3 ring of evasion
                                k - +6 ring of strength

@: slightly resistant to hostile enchantments, very unstealthy
A: unfitting armour, fast metabolism 1, saprovore 1, tough skin 1
a: Renounce Religion


You were on level 4 of the Dungeon.
You worshipped Xom.
You were a very special plaything of Xom.
You were hungry.

You visited 1 branch of the dungeon, and saw 4 of its levels.

You collected 118 gold pieces.

Inventory:

Hand weapons
 a - a +0,-1 mace of chaos (weapon)
Armour
 b - a +2 robe (worn)
Magical devices
 j - a wand of flame (6)
Comestibles
 c - 4 meat rations
 h - 2 bread rations
 o - an apricot
 t - a chunk of hobgoblin flesh
 v - a chunk of adder flesh
Scrolls
 d - 3 scrolls of identify
 e - 2 scrolls of curse armour {unknown}
 f - 2 scrolls of remove curse {unknown}
 g - 3 scrolls of teleportation {unknown}
 i - a scroll of blinking {unknown}
 l - a scroll of fear {unknown}
 n - a scroll of amnesia {unknown}
 q - a scroll of enchant weapon I {unknown}
 r - 2 scrolls of immolation {unknown}
 s - a scroll of recharging
Jewellery
 k - a +6 ring of strength (left hand)
 u - a +3 ring of evasion (right hand)
Potions
 m - 2 potions of brilliance
 p - a potion of restore abilities


   Skills:
 + Level 5.5 Fighting
 * Level 7.0 Maces & Flails
 - Level 2.1 Dodging


You had 4 spell levels left.
You didn't know any spells.

Dungeon Overview and Level Annotations

Branches:
Dungeon (4/16)
 Temple: D:4-7

Altars:


Innate Abilities, Weirdness & Mutations

You are too large for most types of armour.
You have a fast metabolism.
You can tolerate rotten meat.
You have tough skin (AC +1).


Message History

You closely miss the centaur. The centaur misses you. The centaur hits you.
You hit the centaur.
The centaur is lightly wounded.
The centaur hits you.
Drink which item? (? for menu, Esc to quit)
Okay, then.
Read which item? (? for menu, Esc to quit)
Okay, then.
You hit the centaur.
The centaur is moderately wounded.
The centaur completely misses you. The centaur hits you.
You hit the centaur.
The centaur seems to speed up.
The centaur is moderately wounded.
The centaur hits you!
* * * LOW HITPOINT WARNING * * *
The centaur hits you.
* * * LOW HITPOINT WARNING * * *
The hound bites you.
You die...
Xom is highly amused!

#.##########
#.>.@<..!..#
#..ch......#
#..........#
#..........#
............#
.=............
............
..########


You could see a centaur and a hound.

Vanquished Creatures
  A jelly (D:3)
  An orc priest (D:3)
  An orc wizard (D:3)
  4 adders
  A worm (D:3)
  2 giant geckos (D:2)
  3 orcs (D:3)
  A ball python (D:2)
  2 giant cockroaches (D:2)
  5 hobgoblins
  10 jackals
  A kobold (D:1)
  4 bats
  10 giant newts
  A goblin (D:2)
  3 rats (D:1)
50 creatures vanquished.

Notes
Turn   | Place    | Note
--------------------------------------------------------------
     0 | D:1      | 4tharraofdagon, the Ogre Chaos Knight, began the quest for the Orb.
     0 | D:1      | Reached XP level 1. HP: 24/24 MP: 1/1
   141 | D:1      | XOM: divination: detect creatures
   263 | D:1      | Reached XP level 2. HP: 29/32 MP: 2/2
   434 | D:1      | XOM: harmless Fire miscast
   523 | D:2      | Reached skill level 5 in Maces & Flails
   524 | D:2      | Reached XP level 3. HP: 24/40 MP: 3/3
  1151 | D:3      | Reached skill level 6 in Maces & Flails
  1151 | D:3      | Reached XP level 4. HP: 31/49 MP: 4/4
  1179 | D:3      | XOM: potion effect (agility)
  1273 | D:3      | Reached skill level 5 in Fighting
  1273 | D:3      | Reached XP level 5. HP: 43/57 MP: 5/5
  1295 | D:3      | Reached skill level 7 in Maces & Flails
  1409 | D:4      | Noticed a centaur
  1414 | D:4      | Slain by a hound

Action                   |  1- 3 |  4- 6 || total
-------------------------+-------+-------++-------
Melee: Mace              |   100 |    53 ||   153
Evoke: Wand              |     1 |       ||     1
  Use: Potion            |     3 |     1 ||     4
       Scroll            |       |     2 ||     2
 Stab: Sleeping          |       |     1 ||     1
